 Dungeon Crawl Stone Soup version 0.30-a0-691-g754fce4c43 (webtiles) character file.

Game seed: 17497058130377791650

120 rddays123 the Chopper (level 5, 0/47 HPs)
             Began as a Hill Orc Fighter on Jan 20, 2023.
             Slain by Grinder (1 damage)
             ... on level 3 of the Dungeon.
             The game lasted 00:04:20 (2447 turns).

rddays123 the Chopper (Hill Orc Fighter)            Turns: 2447, Time: 00:04:21

Health: 0/47       AC:  7    Str: 21    XL:     5   Next: 4%
Magic:  5/5        EV:  9    Int:  8    God:
Gold:   104        SH:  4    Dex: 10    Spells: 4/4 levels left

rFire   . . .      SeeInvis .    a - +0 war axe
rCold   . . .      Faith    .    c - +0 buckler
rNeg    . . .      Spirit   .    b - +0 scale mail
rPois   .          Reflect  .    (no helmet)
rElec   .          Harm     .    (no cloak)
rCorr   .          Rampage  .    (no gloves)
Will    .....                    (no boots) Stlth
                                 (no amulet)
HPRegen 0.27/turn                (no ring)
MPRegen 0.09/turn                (no ring)

@: no status effects
A: no striking features
a: no special abilities


You were on level 3 of the Dungeon.
You visited 1 branch of the dungeon, and saw 3 of its levels.

You collected 104 gold pieces.

Inventory:

Hand Weapons
 a - a +0 war axe (weapon)
Armour
 b - a +0 scale mail (worn)
 c - a +0 buckler (worn)
 g - a +0 kite shield
 t - a +0 helmet
Scrolls
 f - 2 scrolls of amnesia {unknown}
 i - a scroll of fear {unknown}
 k - 6 scrolls of identify {unknown}
 m - 3 scrolls of teleportation {unknown}
 n - 2 scrolls of enchant armour {unknown}
 o - a scroll of blinking {unknown}
 q - a scroll of silence {unknown}
 r - a scroll of immolation {unknown}
 s - a scroll of poison {unknown}
 u - a scroll of magic mapping {unknown}
Potions
 d - a potion of might
 e - 2 potions of curing {unknown}
 h - a potion of invisibility {unknown}
 j - a potion of mutation {unknown}
 l - a potion of haste {unknown}
 p - 2 potions of flight {unknown}


   Skills:
 + Level 4.4 Fighting
 + Level 4.6 Axes
 + Level 4.0 Armour
 + Level 0.2 Dodging
 + Level 0.2 Stealth
 + Level 3.8 Shields


You had 4 spell levels left.
You didn't know any spells.
Your spell library was empty.

Dungeon Overview and Level Annotations

Branches:
Dungeon (3/15)

Altars:

Shops:
D:1 *

Annotations:
D:3 2 transporters, Grinder; Soil's ghost, weakling HuFi


Message History

Grinder is lightly wounded.
Grinder completely misses you.
Grinder says, "FISH!"
You block Grinder's attack.
You closely miss Grinder.
Grinder is lightly wounded.
You block Grinder's attack.
You hit Grinder.
Grinder is lightly wounded.
Grinder hits you!
You writhe in agony.
You barely miss Grinder.
Grinder is lightly wounded.
Grinder closely misses you. Grinder hits you.
You writhe in agony.
You are too injured to fight recklessly!
You are too injured to fight recklessly!
You barely miss Grinder.
Grinder is lightly wounded.
Grinder gestures at you. You resist with significant effort.
You barely miss Grinder.
Grinder is lightly wounded.
Grinder hits you.
You writhe in agony.
* * * LOW HITPOINT WARNING * * *
Grinder hits you but does no damage.
You slash Grinder!
Grinder is moderately wounded.
Grinder closely misses you.
You slash Grinder!
Grinder is severely wounded.
Grinder hits you.
* * * LOW HITPOINT WARNING * * *
You writhe in agony.
* * * LOW HITPOINT WARNING * * *
You closely miss Grinder.
Grinder is severely wounded.
Grinder blinks!
Grinder hits you.
* * * LOW HITPOINT WARNING * * *
You writhe in agony.
You die...

#.# #....>....... #.#
##.......#.## #.#
#.........## #.#
#####...#.......
#.######.....#...#....#
#####........##.##.....##..
#.....<...#.###.##.........
#.........#5##.........####
#.........@............# #
#.........#.##.#......## ##
#...........#......#..# ##.
#####.###.###..#...#.####..
#.# #†###......#....... #.
#........###....... #.
#..##..#.##........ #.
##........##.#...... #.
#....##..# #.####.##


You could see Grinder.

Vanquished Creatures
  A jelly (D:3)
  Robin (D:2)
  2 adders
  2 dart slugs
  5 bats
  3 endoplasms
  3 giant cockroaches (D:1)
  13 goblins
  6 hobgoblins
  3 quokkas (D:1)
  5 ball pythons
  5 frilled lizards
  4 kobolds
  5 rats
58 creatures vanquished.

Notes
Turn   | Place    | Note
-------+----------+-------------------------------------------
     0 | D:1      | rddays123 the Hill Orc Fighter began the quest for the Orb.
     0 | D:1      | Reached XP level 1. HP: 19/19 MP: 1/1
    15 | D:1      | Found Bautibio's Assorted Antiques.
   168 | D:1      | Reached XP level 2. HP: 22/27 MP: 2/2
   591 | D:1      | Reached XP level 3. HP: 33/33 MP: 3/3
  1412 | D:3      | Reached XP level 4. HP: 37/40 MP: 4/4
  1625 | D:3      | Found a transporter.
  1626 | D:3      | Found a transporter.
  1626 | D:3      | Noticed Soil's ghost (weakling HuFi)
  1683 | D:3      | Noticed Robin
  1722 | D:2      | Killed Robin
  2104 | D:2      | Reached XP level 5. HP: 42/47 MP: 5/5
  2246 | D:3      | Noticed Grinder
  2246 | D:3      | Paralysed by Grinder for 4 turns
  2255 | D:3      | Paralysed by Grinder for 4 turns
  2268 | D:3      | Paralysed by Grinder for 3 turns
  2272 | D:3      | Paralysed by Grinder for 3 turns
  2447 | D:3      | HP: 1/47 [Grinder (4)]
  2447 | D:3      | Slain by Grinder

Illustrated notes

Levels and vault maps discovered:
D:1:      dpeg_arrival_solitude, layout_loops_ring, serial_shops, shop,
          amcnicky_mini_corridor_feature
D:2:      layout_basic, minmay_crystal_water, minivault_27, minmay_pentomino_w4
D:3:      layout_rooms, gammafunk_ghost_mausoleum, uniq_robin, uniq_grinder

Skill      XL: |  1  2  3  4 |
---------------+-------------+-----
Axes           | 3 4 |  4.6
Fighting       | 4 |  4.4
Armour         | 4 |  4.0
Dodging        | |  0.2
Stealth        | |  0.2
Shields        | |  3.8

Action                   |  1- 3 |  4- 6 || total
-------------------------+-------+-------++-------
Melee: War axe           |    97 |    60 ||   157
Armor: Scale mail        |    50 |    39 ||    89
Dodge: Dodged            |    57 |    38 ||    95
Block: Buckler           |    19 |    22 ||    41

Table legend: (Time is in decaauts)
 A = Elapsed time spent in this place.
 B = Non-inter-level travel time spent in this place.
 C = Inter-level travel time spent in this place.
 D = Time resting spent in this place.
 E = Time spent auto-exploring this place.
 F = Levels seen in this place.
 G = Mean time per level.
                   A        B        C        D        E       F      G
               +--------+--------+--------+--------+--------+-----+--------+
         Total |   2507 |   2458 |     49 |    337 |   1456 |   3 |  835.7 |
       Dungeon |   2507 |   2458 |     49 |    337 |   1456 |   3 |  835.7 |
               +--------+--------+--------+--------+--------+-----+--------+

Top non-repeatable levels by time:
     D:2: 1164 daAuts
     D:1: 832 daAuts
     D:3: 510 daAuts
